AoeStats
← Player

African Clearing

510328659Analyzed
4v4 RM · 8h ago on Sep 30, 2026· 20m 51s· 8 players
Game mode
Random Map
Map size
Large (8 player)
Population
200
Speed
Normal
Resources
Standard
Victory
Conquest
Starting age
Dark Age
Ending age
Imperial Age
RankedLock teamsTeams togetherTeam positionsShared explorationLock speedFull tech treeHidden civsTurbo modeCheats
Victory
Defeat
🇨🇳 Franks · China
1253
+12
🇧🇪 Magyars · Belgium
1197
+14
1163
+15
🇹🇼 Saxons · Taiwan
1134
+17
🇪🇬 Magyars · Egypt
1176
-15
🇦🇷 Huns · Argentina
1157
-15
🇺🇸 Mongols · United States
1143
-14
🇵🇱 Lithuanians · Poland
1134
-14
BrianBoru
8:46 Loom
14:50 Feudal Age
18:49 Castle Age
16:59 Fletching
17:31 Double-Bit Axe
19:13 Wheelbarrow
19:42 Bodkin Arrow
Sukundun
3:50 Loom
12:09 Feudal Age
12:38 Arson
13:26 Double-Bit Axe
13:47 Man-at-Arms
16:51 Fletching
17:01 Padded Archer Armor
18:46 Horse Collar
Sephiroth
12:48 Feudal Age
12:26 Loom
15:48 Horse Collar
15:53 Double-Bit Axe
16:32 Gold Mining
21:01 Wheelbarrow
Player
14:23 Feudal Age
15:07 Loom
16:08 Double-Bit Axe
21:45 Castle Age
sabin_schy
13:06 Loom
14:51 Feudal Age
18:05 Wheelbarrow
17:25 Double-Bit Axe
20:46 Horse Collar
即刻救援
13:45 Feudal Age
19:01 Castle Age
18:34 Fletching
18:45 Padded Archer Armor
18:42 Double-Bit Axe
19:45 Bodkin Arrow
20:59 Bow Saw
猪队友怕不怕
3:34 Loom
14:50 Feudal Age
15:43 Double-Bit Axe
19:26 Castle Age
20:03 Fletching
一一
7:56 Loom
13:52 Feudal Age
14:56 Town Watch
15:49 Scale Barding Armor
17:01 Forging
Connection lost

Rejoining the realm…

Still unreachable

The connection could not be restored.

Session expired

The server has moved on; the page needs a fresh start.